 Dungeon Crawl Stone Soup version 0.24-a0-530-g18ba70b503 (webtiles) character file.

Game seed: 10455509844321956269

91 Mithandil the Conjurer (level 4, 0/25 HPs)
             Began as a Tengu Conjurer on Aug 9, 2019.
             Slain by a goblin
             ... wielding a +0 dagger
             ... led by Robin
              (6 damage)
             ... on level 2 of the Dungeon.
             The game lasted 00:09:52 (2381 turns).

Mithandil the Conjurer (Tengu Conjurer)             Turns: 2381, Time: 00:09:53

Health: 0/25       AC:  2    Str: 10    XL:     4   Next: 57%
Magic:  1/9        EV: 10    Int: 15    God:
Gold:   51         SH:  6    Dex: 14    Spells: 1/8 levels left

rFire    . . .     SeeInvis .   a - +1 dagger (venom)
rCold    . . .     Gourm    .   q - +0 shield
rNeg     . . .     Faith    .   l - +0 robe
rPois    .         Spirit   .   (helmet restricted)
rElec    .         Reflect  .   (no cloak)
rCorr    .         Harm     .   (no gloves)
MR       .....                  (boots unavailable)
Stlth    ++........             (no amulet)
HPRegen  0.08/turn              (no ring)
MPRegen  0.11/turn              (no ring)

@: very slightly contaminated
A: beak, talons 3
a: no special abilities


You were on level 2 of the Dungeon.
You were very hungry.

You visited 1 branch of the dungeon, and saw 3 of its levels.

You collected 51 gold pieces.

Inventory:

Hand Weapons
 a - a +1 dagger of venom (weapon)
 b - a +0 spear
 n - a +2 dagger of pain
Missiles
 i - 48 stones (quivered)
Armour
 l - a +0 robe (worn)
 q - a +0 shield (worn)
Jewellery
 e - a cursed ring of teleportation {unknown}
Scrolls
 d - a scroll of noise {unknown}
 f - a scroll of teleportation {unknown}
 g - 2 scrolls of fear {unknown}
 h - a scroll of fog {unknown}
 j - a scroll of enchant armour {unknown}
 m - a scroll of blinking {unknown}
Potions
 k - a potion of mutation {unknown}
 o - a potion of curing {unknown}
 r - a potion of brilliance {unknown}
Comestibles
 c - 3 rations


   Skills:
 + Level 1.0 Fighting
 + Level 0.2 Short Blades
 - Level 0.3 Polearms
 + Level 2.6 Dodging
 + Level 2.4 Stealth
 * Level 0.3 Shields
 * Level 2.7 Spellcasting
 * Level 6.2 Conjurations
 + Level 0.2 Translocations


You had one spell level left.
You knew the following spells:

 Your Spells              Type           Power        Failure   Level  Hunger
a - Magic Dart            Conj           ###.         11%         1    #......
b - Searing Ray           Conj           ###...       16%         2    ##.....
c - Force Lance           Conj/Tloc      ##......     98%         4    #####..

Your spell library contained the following spells:

 Spells                   Type           Power        Failure   Level  Hunger
 Iskenderun's Mystic Bla  Conj           ###.....     71%         4    #####..
 Dazzling Spray           Conj/Hex       ##....       75%         3    ###....
 Fulminant Prism          Conj/Hex       ##........   98%         4    #####..


Dungeon Overview and Level Annotations

Branches:
Dungeon (3/15)

Altars:
Kikubaaqudgha
Makhleb
Trog

Annotations:
D:2 Robin


Innate Abilities, Weirdness & Mutations

You have a beak for a mouth.
You have claws for feet.


Message History

You are feeling very hungry.
The goblin misses you.
Robin splashes around in the water.
Your shield prevents you from hitting the goblin.
Your kick misses the goblin. Your peck misses the goblin.
The goblin hits you with a +0 dagger. Robin throws the goblin at you!
You barely miss the goblin. Your peck misses the goblin.
The goblin hits you with a +0 dagger. The goblin hits you but does no damage.
Robin splashes around in the water.
The goblin hits you with a +0 dagger.
* * * LOW HITPOINT WARNING * * *
You hit the goblin.
You kill the goblin!
You block Robin's attack. The goblin hits you but does no damage.
Things that are here:
a +0 dagger; a stone The goblin no longer looks unusually strong.
The goblin hits you but does no damage. Robin throws the goblin at you!
* * * LOW HITPOINT WARNING * * *
The goblin hits you with a +0 dagger.
You die...

≈≈≈.≈≈≈≈...............#..
≈≈≈.≈≈≈≈...............#.#
≈≈≈.≈≈≈≈....#########..#..
≈≈≈g≈≈≈≈..##.....####..#..
....≈≈≈)..###.##..........
≈≈)...)g(## #....#####....
≈≈≈≈.)≈≈≈≈g# ##.##.# #..#.
≈≈≈.≈≈≈≈≈.###.###.###
#..#. ≈≈.≈≈≈≈≈.@..##.....#
#....
≈≈.≈≈≈≈≈.g.###.....###..##
.........>................
#.#.####..####.....####.#.
..#.####..####.....####.#.
#.#.>..........#....<...#.
#.#..##...####.##########.
#)#...#.#.# #.# #.
####.#..)._..# #.# #.


You could see Robin and 3 goblins.

Vanquished Creatures
  A gnoll (D:1)
  2 worms (D:2)
  2 dart slugs
  3 leopard geckos
  3 giant cockroaches (D:1)
  11 goblins
  8 hobgoblins
  2 jackals (D:2)
  2 quokkas
  A ball python (D:1)
  9 bats
  3 frilled lizards
  10 kobolds
  7 rats
  A fungus (D:1)
65 creatures vanquished.

Notes
Turn   | Place    | Note
-------+----------+-------------------------------------------
     0 | D:1      | Mithandil the Tengu Conjurer began the quest for the Orb.
     0 | D:1      | Reached XP level 1. HP: 10/10 MP: 4/4
   291 | D:1      | Reached XP level 2. HP: 15/15 MP: 1/6
   295 | D:1      | Learned a level 2 spell: Searing Ray
   684 | D:1      | Reached XP level 3. HP: 20/20 MP: 3/7
  1017 | D:1      | Reached skill level 6 in Conjurations
  1213 | D:2      | Found an ancient bone altar of Kikubaaqudgha.
  1495 | D:2      | Reached XP level 4. HP: 24/24 MP: 5/8
  1501 | D:2      | Learned a level 4 spell: Force Lance
  1610 | D:2      | Found a burning altar of Makhleb.
  1902 | D:2      | Reached skill level 1 in Fighting
  2247 | D:2      | Found a bloodstained altar of Trog.
  2364 | D:2      | Noticed Robin
  2381 | D:2      | Slain by a goblin

Levels and vault maps discovered:
D:1:      dpeg_cavernosity, layout_rooms, serial_bayou_pond_c,
          chequers_serial_rivers_micro_e, minmay_misc_feat_alley, st_stairs_10
D:2:      layout_loops_ring, marbit_many_paths, lemuel_crystal_altar,
          lemuel_crystal_altar, minivault_14, minmay_misc_feat_secret_circle,
          patterned_corridor, uniq_robin
D:3:      layout_basic, old_standard_altar, biasface_ghost_orc_armoury,
          chequers_mini_garden

Skill      XL: |  1  2  3  4 |
---------------+-------------+-----
Conjurations   | 6 |  6.2
Fighting       | 1 |  1.0
Short Blades   | |  0.2
Polearms       | |  0.3
Dodging        | |  2.6
Stealth        | |  2.4
Shields        | |  0.3
Spellcasting   | |  2.7
Translocations | |  0.2

Action                   |  1- 3 |  4- 6 || total
-------------------------+-------+-------++-------
Melee: Unarmed           |     1 |       ||     1
       Short sword       |    16 |       ||    16
       Dagger            |    15 |    11 ||    26
       Kick              |    10 |     2 ||    12
       Peck              |     6 |     1 ||     7
 Cast: Magic Dart        |    68 |    35 ||   103
       Searing Ray       |       |     1 ||     1
  Eat: Chunk             |     3 |     2 ||     5
Armor: Robe              |     7 |     3 ||    10
Dodge: Dodged            |    16 |     7 ||    23
Block: Shield            |       |     3 ||     3

Table legend:
 A = Non-vault XP
 B = Vault XP
 C = Vault XP percentage of total XP
 D = Non-vault monster count
 E = Vault monster count
 F = Vault count percentage of total count
                 A         B        C        D         E       F
            +---------+---------+-------+---------+---------+-------
      Total |      87 |      43 |  33.1 |      46 |      18 |  28.1
            +---------+---------+-------+---------+---------+-------
        D:1 |      45 |      23 |  33.8 |      26 |       7 |  21.2
        D:2 |      39 |      20 |  33.9 |      18 |      11 |  37.9
        D:3 |       3 |       0 |   0.0 |       2 |       0 |   0.0
            +---------+---------+-------+---------+---------+-------
